 Dungeon Crawl Stone Soup version 0.23.0 (webtiles) character file.

Game seed: 16201825737655648795

9874 IcyTea the Bludgeoner (level 11, 0/145 HPs)
             Began as a Minotaur Fighter on Feb 9, 2019.
             Was an Elder of Makhleb.
             Slain by a killer bee (13 damage)
             ... on level 10 of the Dungeon.
             The game lasted 00:37:42 (9368 turns).

IcyTea the Bludgeoner (Minotaur Fighter)            Turns: 9368, Time: 00:37:43

Health: 0/145      AC: 12    Str: 26    XL:     11   Next: 28%
Magic:  14/14      EV:  8    Int:  9    God:    Makhleb [****..]
Gold:   467        SH: 10    Dex: 13    Spells: 10/10 levels left

rFire    . . .     SeeInvis +   a - +0 morningstar
rCold    . . .     Gourm    .   c - +0 shield
rNeg     . . .     Faith    .   Q - +4 scale mail "Ytyikh" {*Contam rPois Regen+}
rPois    +         Spirit   .   (helmet restricted)
rElec    .         Reflect  .   (no cloak)
rCorr    .         Harm     .   (no gloves)
MR       .....                  P - +0 pair of boots
Stlth    ..........             t - amulet of rage
HPRegen  0.74/turn              o - +4 ring of intelligence
MPRegen  0.14/turn              x - ring of see invisible

@: mighty, berserking, studying Summonings, very quick
A: retaliatory headbutt, horns 2
a: Minor Destruction, Lesser Servant of Makhleb, Major Destruction, Renounce
Religion, Evoke Berserk Rage


You were on level 10 of the Dungeon.
You worshipped Makhleb.
Makhleb was greatly pleased with you.
You were near starving.

You visited 2 branches of the dungeon, and saw 11 of its levels.
You also visited: Ossuary.

You collected 946 gold pieces.
You spent 479 gold pieces at shops.

Inventory:

Hand Weapons
 a - a +0 morningstar (weapon)
 b - the +6 hunting sling of the Viper {velocity, rElec Dex+3}
   (You found it on level 9 of the Dungeon)

   Any stone fired from it inflicts extra damage.
   It affects your dexterity (+3).
   It insulates you from electricity.
 r - a +1 flail of protection
 D - a +5 short sword of freezing
Missiles
 g - 24 sling bullets
 E - 3 javelins (quivered)
Armour
 c - a +0 shield (worn)
 q - a +0 plate armour
 P - a +0 pair of boots (worn)
 Q - the +4 scale mail "Ytyikh" (worn) {*Contam rPois Regen+}
   (You took it off a gnoll sergeant on level 7 of the Dungeon)

   It protects you from poison.
   It causes magical contamination when unequipped.
   It increases your rate of regeneration.
Jewellery
 o - a +4 ring of intelligence (left hand)
 t - an amulet of rage (around neck)
 x - a ring of see invisible (right hand)
 F - an uncursed ring of fire
Wands
 u - a wand of clouds (7)
 v - a wand of iceblast (13)
 A - a wand of enslavement (4)
 C - a wand of polymorph (17)
 J - a wand of digging (10)
 O - a wand of disintegration (9)
 R - a wand of flame (25)
Scrolls
 j - 3 scrolls of enchant weapon
 n - 2 scrolls of immolation
 p - 4 scrolls of teleportation
 w - a scroll of magic mapping
 y - 5 scrolls of blinking
 z - 3 scrolls of remove curse
 B - 2 scrolls of enchant armour
 I - 2 scrolls of amnesia
Potions
 e - 2 potions of brilliance
 h - 2 potions of berserk rage {unknown}
 i - 3 potions of heal wounds {unknown}
 k - 2 potions of resistance {unknown}
 l - 3 potions of lignification {unknown}
 m - a potion of curing {unknown}
 s - 2 potions of agility
 H - a potion of haste {unknown}
 K - a potion of mutation {unknown}
 N - a potion of experience {unknown}
 T - a potion of cancellation {unknown}
Books
 S - a manual of Summonings
Comestibles
 f - 8 rations


   Skills:
 - Level 9.2 Fighting
 + Level 15.5 Maces & Flails
 - Level 3.3 Slings
 - Level 3.6 Armour
 - Level 5.0 Shields
 - Level 6.0 Invocations
 - Level 4.2 Evocations


You had 10 spell levels left.
You didn't know any spells.
Your spell library contained the following spells:

 Spells                   Type           Power        Failure   Level  Hunger
 Apportation              Tloc           #.....       97%         1    ##.....
 Beastly Appendage        Tmut           #.....       97%         1    ##.....
 Corona                   Hex            #......      97%         1    ##.....
 Summon Butterflies       Summ           #.......     97%         1    ##.....
 Ensorcelled Hibernation  Hex/Ice        #.....       99%         2    ###....
 Sticks to Snakes         Tmut           #.......     99%         2    ###....
 Confuse                  Hex            #.......     100%        3    ####...
 Dazzling Spray           Conj/Hex       #.....       100%        3    ####...
 Lesser Beckoning         Tloc           #.........   100%        3    ####...
 Spider Form              Tmut/Pois      #.........   100%        3    ####...
 Tukima's Dance           Hex            #.......     100%        3    ####...
 Ice Form                 Ice/Tmut       #.......     100%        4    #####..
 Alistair's Intoxication  Tmut/Pois      #.......     100%        5    ######.
 Blade Hands              Tmut           #.........   100%        5    ######.
 Invisibility             Hex            #.......     100%        6    #######


Dungeon Overview and Level Annotations

Branches:
Dungeon (10/15)            Temple (1/1) D:4            Lair (0/6) D:8
    Orc (0/2) D:9

Altars:
Ashenzari
Cheibriados
Dithmenos
Elyvilon
Fedhas
Gozag
Hepliaklqana
Kikubaaqudgha
Makhleb
Nemelex Xobeh
Okawaru
Qazlal
Ru
Sif Muna
Trog
Uskayaw
Vehumet
Wu Jian
Xom
Yredelemnul
Zin
The Shining One

Shops:
D:5 *   D:9 (


Innate Abilities, Weirdness & Mutations

You reflexively headbutt those who attack you in melee.
You have a pair of horns on your head.


Message History

Your hellwing hits the queen bee.
Your hellwing hits the queen bee but does no damage.
You barely miss the queen bee.
The queen bee is almost dead.
The killer bee stings you!
* * * LOW HITPOINT WARNING * * *
The killer bee stings you but does no damage.
The queen bee barely misses you. You furiously retaliate!
You headbutt the queen bee!
You kill the queen bee!
Makhleb accepts your kill.
You feel better. The killer bee stings you!
* * * LOW HITPOINT WARNING * * *
You impale the killer bee!! Your headbutt misses the killer bee.
The killer bee is almost dead.
You block the killer bee's attack.
You closely miss the killer bee. Your headbutt misses the killer bee.
The killer bee is almost dead.
You block the killer bee's attack. The killer bee stings you!
You die...

............##...##...#
..###+###...##....#...#
..# ######....#...# ..#
.........##+### ..##.
.........##...# ......
..............# ..####
#...##........# [.#
#... #.†y.....# ..# ...
#.4@##...# ..# .......
#..†##...# ..# .......
#........# ..# .......
#........# ..+ .......
#........# ### .....
#........# #...
#........#
#...##........#
#..y)†....)...#


You could see a killer bee (berserk) and a friendly hellwing.

Vanquished Creatures
  3 two-headed ogres
  An unseen horror (D:7)
  The ghost of Fliddo the Cleaver, a novice HOFi of Beogh (D:7)
  The ghost of Tarias the Firebug, a novice DrFE (D:6)
  Psyche (D:8)
  A komodo dragon (D:8)
  A queen bee (D:10)
  2 hornets
  Grinder (D:5)
  Prince Ribbit (D:5)
  A hippogriff (D:9)
  Sigmund (D:3)
  A hungry ghost (D:9)
  A wyvern (D:9)
  Edmund (D:5)
  A water moccasin (D:9)
  A sky beast (D:8)
  4 orc warriors
  A phantom (D:8)
  2 black bears
  4 ogres
  2 centaurs
  A big kobold (D:7)
  3 gnoll sergeants (D:7)
  5 bullfrogs
  A wyvern skeleton (D:10)
  9 killer bees
  6 wights
  A bullfrog zombie (D:9)
  2 crimson imps
  2 centaur zombies
  2 hounds (D:6)
  4 jellies
  5 orc priests
  2 centaur skeletons
  A gnoll shaman (D:7)
  An iguana (D:7)
  12 orc wizards
  Natasha (thrice) (D:3)
  4 worker ants
  A big kobold zombie (Ossuary)
  A hound zombie (D:6)
  A hound skeleton (D:5)
  2 mummies (Ossuary)
  Robin (D:4)
  10 adders
  7 gnolls (D:7)
  A shadow imp (D:5)
  6 oozes
  An adder skeleton (D:5)
  3 dart slugs
  9 leopard geckos
  30 orcs
  5 bats
  4 giant cockroaches
  14 goblins
  5 hobgoblins
  7 jackals (D:2)
  12 kobolds
  2 quokkas
  5 frilled lizards
  2 gnoll zombies (Ossuary)
  5 hobgoblin zombies (Ossuary)
  A jackal zombie (D:4)
  5 orc zombies (Ossuary)
  3 rats
  A spectral orc (D:6)
  A plant (D:8)
242 creatures vanquished.

Vanquished Creatures (collateral kills)
  4 killer bees (D:10)
4 creatures vanquished.

Vanquished Creatures (others)
  A gnoll (D:7)
  6 plants (D:7)
7 creatures vanquished.

Grand Total: 253 creatures vanquished

Notes
Turn   | Place    | Note
-------+----------+-------------------------------------------
     0 | D:1      | IcyTea the Minotaur Fighter began the quest for the Orb.
     0 | D:1      | Reached XP level 1. HP: 19/19 MP: 0/0
    45 | D:1      | Reached skill level 3 in Maces & Flails
   137 | D:1      | Reached XP level 2. HP: 26/26 MP: 1/1
   192 | D:1      | Found a sparkling altar of Nemelex Xobeh.
   229 | D:1      | Reached skill level 4 in Maces & Flails
   563 | D:2      | Reached XP level 3. HP: 30/31 MP: 2/2
   628 | D:2      | Found a faded altar of an unknown god.
   725 | D:2      | Reached skill level 5 in Maces & Flails
   842 | D:2      | Reached XP level 4. HP: 34/39 MP: 3/3
   877 | D:2      | Found a burning altar of Makhleb.
   883 | D:2      | Found a glowing golden altar of the Shining One.
   899 | D:2      | Became a worshipper of Makhleb the Destroyer
  1518 | D:3      | Reached skill level 6 in Maces & Flails
  1685 | D:3      | Reached XP level 5. HP: 10/45 MP: 4/4
  1965 | D:3      | Noticed Natasha
  1972 | D:3      | Killed Natasha
  2117 | D:3      | Reached skill level 7 in Maces & Flails
  2144 | D:3      | Reached * piety under Makhleb
  2195 | D:3      | Noticed Natasha
  2204 | D:3      | Killed Natasha
  2270 | D:3      | Noticed Natasha
  2280 | D:3      | Killed Natasha
  2326 | D:3      | Noticed Sigmund
  2340 | D:3      | Killed Sigmund
  2340 | D:3      | Reached skill level 8 in Maces & Flails
  2340 | D:3      | Reached XP level 6. HP: 50/51 MP: 5/5
  2398 | D:4      | Found a staircase to the Ecumenical Temple.
  2410 | D:4      | Found a shadowy altar of Dithmenos.
  2422 | D:4      | Reached skill level 9 in Maces & Flails
  2439 | D:4      | Reached XP level 7. HP: 41/57 MP: 6/6
  2454 | D:4      | Identified the cursed +0 helmet of Dithmenos's Hatred {MR++
                  | MP+9}
  2454 | D:4      | Noticed Robin
  2493 | D:4      | Killed Robin
  2505 | D:4      | Found Jenuem's Magic Scroll Shop.
  2515 | D:4      | Bought a scroll of magic mapping for 45 gold pieces
  2515 | D:4      | Bought a scroll of blinking for 97 gold pieces
  2566 | D:4      | Found a sand-covered staircase.
  2576 | Ossuary  | Entered an ossuary
  2583 | Ossuary  | Reached ** piety under Makhleb
  2708 | D:4      | Found an iron altar of Okawaru.
  2797 | Temple   | Entered the Ecumenical Temple
  3325 | D:5      | Entered Level 5 of the Dungeon
  3332 | D:5      | Reached skill level 10 in Maces & Flails
  3434 | D:5      | Noticed Edmund
  3447 | D:5      | Killed Edmund
  3471 | D:5      | Found an ornate altar of the Wu Jian Council.
  3515 | D:5      | Noticed Grinder
  3518 | D:5      | Noticed Prince Ribbit
  3530 | D:5      | Killed Prince Ribbit
  3530 | D:5      | Reached skill level 11 in Maces & Flails
  3530 | D:5      | Reached XP level 8. HP: 64/64 MP: 7/7
  3536 | D:5      | Killed Grinder
  3536 | D:5      | Reached skill level 12 in Maces & Flails
  3575 | D:5      | Found Jaew Hos's Assorted Antiques.
  3759 | D:5      | Found a shimmering altar of Xom.
  3983 | D:4      | Bought a scroll of remove curse for 39 gold pieces
  3983 | D:4      | Bought a scroll of enchant armour for 97 gold pieces
  3983 | D:4      | Bought a scroll of teleportation for 39 gold pieces
  3983 | D:4      | Bought a scroll of teleportation for 39 gold pieces
  3983 | D:4      | Bought a scroll of identify for 26 gold pieces
  3983 | D:4      | Bought a scroll of blinking for 97 gold pieces
  4206 | D:6      | Reached *** piety under Makhleb
  4286 | D:6      | Reached skill level 13 in Maces & Flails
  4406 | D:6      | Found a basalt altar of Yredelemnul.
  4566 | D:6      | Found a runed translucent gate.
  4566 | D:6      | Found a runed translucent gate.
  4566 | D:6      | Found an opulent altar of Gozag.
  4566 | D:6      | Found a runed translucent gate.
  4576 | D:6      | Noticed Tarias's ghost (novice DrFE)
  4921 | D:7      | Reached XP level 9. HP: 56/70 MP: 8/8
  5271 | D:7      | Identified the +10 spear of Degipi {venom, MR+}
  5271 | D:7      | Identified the +4 scale mail "Ytyikh" {*Contam rPois
                  | Regen+}
  5285 | D:7      | Reached skill level 14 in Maces & Flails
  5315 | D:7      | Found a transporter.
  5486 | D:7      | Reached skill level 1 in Invocations
  5562 | D:7      | Noticed an unseen horror
  5590 | D:7      | Killed an unseen horror
  5590 | D:7      | Reached skill level 5 in Invocations
  5725 | D:7      | Reached **** piety under Makhleb
  5725 | D:7      | Reached skill level 1 in Evocations
  6144 | D:7      | Found a transporter.
  6155 | D:7      | Noticed Fliddo's ghost (novice HOFi)
  6156 | D:7      | Identified the ring "Viseh" {Ice Str+4}
  6378 | D:8      | Noticed Psyche
  6400 | D:8      | Killed Psyche
  6481 | D:8      | Reached XP level 10. HP: 68/77 MP: 13/13
  6546 | D:8      | Found a staircase to the Lair.
  6572 | D:8      | HP: 1/117 [komodo dragon (8)]
  6973 | D:8      | Reached skill level 5 in Fighting
  7412 | D:8      | Found a deep blue altar of Sif Muna.
  7636 | D:6      | Killed Tarias's ghost
  7897 | D:7      | Killed Fliddo's ghost
  8237 | D:9      | Found a staircase to the Orcish Mines.
  8332 | D:9      | Found Koca's Weapon Boutique.
  8423 | D:9      | Reached skill level 5 in Shields
  8478 | D:9      | Got a brightly glowing hunting sling
  8479 | D:9      | Identified the +6 hunting sling of the Viper {velocity,
                  | rElec Dex+3} (You found it on level 9 of the Dungeon)
  8784 | D:9      | Noticed a two-headed ogre
  8795 | D:9      | Killed a two-headed ogre
  8798 | D:9      | Found a radiant altar of Vehumet.
  8801 | D:9      | Noticed a two-headed ogre
  8808 | D:9      | Killed a two-headed ogre
  8808 | D:9      | Reached XP level 11. HP: 97/97 MP: 14/14
  9186 | D:10     | Entered Level 10 of the Dungeon
  9289 | D:10     | Reached skill level 15 in Maces & Flails
  9302 | D:10     | Noticed a two-headed ogre
  9315 | D:10     | Killed a two-headed ogre
  9368 | D:10     | Slain by a killer bee

Skill      XL: |  1  2  3  4  5  6  7  8  9 10 11 |
---------------+----------------------------------+-----
Maces & Flails | 3 4 5 6 8 9 11 13 14 15 | 15.5
Invocations    | 6 |  6.0
Evocations     | 4 |  4.2
Fighting       | 9 |  9.2
Shields        | 5 |  5.0
Slings         | 3 |  3.3
Armour         | |  3.6

Action                   |  1- 3 |  4- 6 |  7- 9 | 10-12 || total
-------------------------+-------+-------+-------+-------++-------
Melee: Flail             |    11 |    95 |   386 |   111 ||   603
       Whip              |    71 |    29 |       |       ||   100
       Headbutt          |     8 |    25 |    76 |    51 ||   160
       Morningstar       |       |       |       |   108 ||   108
 Fire: Hunting sling     |       |       |       |     7 ||     7
Throw: Javelin           |       |       |       |     9 ||     9
Invok: Minor Destruction |       |       |     1 |       ||     1
       Lesser Servant of |       |       |       |     1 ||     1
 Abil: Evoke Berserk Rag |       |       |     1 |     4 ||     5
Evoke: Wand              |       |       |     1 |     6 ||     7
  Use: Scroll            |       |       |     7 |     4 ||    11
       Potion            |       |       |       |     2 ||     2
  Eat: Chunk             |       |     5 |    11 |     8 ||    24
       Ration            |       |       |     1 |     1 ||     2
Armor: Scale mail        |    37 |     1 |       |    60 ||    98
       Plate armour      |       |    64 |   184 |    19 ||   267
       Skin              |       |       |       |    16 ||    16
Dodge: Dodged            |    21 |    13 |    25 |    46 ||   105
Block: Shield            |    37 |    47 |   167 |    98 ||   349
